 Dungeon Crawl Stone Soup version 0.30-a0-728-gc68057be0a (webtiles) character file.

Game seed: 10223495841737331333

97 NinjaNoafa the Digger (level 4, -3/33 HPs)
             Began as a Ghoul Earth Elementalist on Jan 30, 2023.
             Slain by a black bear (11 damage)
             ... on level 3 of the Dungeon.
             The game lasted 00:04:19 (2710 turns).

NinjaNoafa the Digger (Ghoul Earth Elementalist)    Turns: 2710, Time: 00:04:19

Health: -3/33      AC:  3    Str: 11    XL:     4   Next: 68%
Magic:  2/8        EV: 12    Int: 12    God:
Gold:   171        SH:  0    Dex:  9    Spells: 8/9 levels left

rFire   . . .      SeeInvis .    n - +3 falchion (drain)
rCold   + . .      Faith    .    (no shield)
rNeg    + + +      Spirit   .    a - +0 robe
rPois   ∞          Reflect  .    (no helmet)
rElec   .          Harm     .    (no cloak)
rCorr   .          Rampage  .    (no gloves)
Will    .....                    m - +0 pair of boots
Stlth   ++                       (no amulet)
HPRegen 0.00/turn                (no ring)
MPRegen 0.11/turn                (no ring)

@: inhibited regen
A: claws 1, cold resistance 1, negative energy resistance 3, inhibited
regeneration, torment resistance 2, devour on kill
a: no special abilities


You were on level 3 of the Dungeon.
You visited 1 branch of the dungeon, and saw 3 of its levels.

You collected 171 gold pieces.

Inventory:

Hand Weapons
 n - a +3 falchion of draining (weapon)
Missiles
 b - 3 poisoned darts
 f - 5 boomerangs
 j - 5 curare-tipped darts
Armour
 a - a +0 robe (worn)
 m - a +0 pair of boots (worn)
Wands
 e - a wand of light (7)
Scrolls
 g - 2 scrolls of immolation {unknown}
 h - 4 scrolls of identify {unknown}
 k - a scroll of silence {unknown}
 l - a scroll of blinking {unknown}
 p - 2 scrolls of magic mapping {unknown}
 q - a scroll of teleportation {unknown}
Potions
 c - a potion of mutation {unknown}
 d - a potion of cancellation {unknown}
 i - a potion of resistance {unknown}
 o - a potion of curing {unknown}


   Skills:
 - Level 1.7 Dodging
 - Level 2.1 Stealth
 + Level 3.4 Spellcasting
 - Level 0.8 Transmutations
 + Level 4.2 Earth Magic


You had 8 spell levels left.
You knew the following spells:

 Your Spells              Type           Power      Damage    Failure   Level
a - Sandblast             Erth           24%        2d8       4%          1

Your spell library contained the following spells:

 Spells                   Type           Power      Damage    Failure   Level
 Passwall                 Tmut/Erth      6%         N/A       12%         2
 Stone Arrow              Conj/Erth      14%        3d7       30%         3
 Static Discharge         Conj/Air       4%         2-3/arc   34%         2
 Vhi's Electric Charge    Tloc/Air       4%         N/A       56%         3
 Petrify                  Tmut/Erth      8%         N/A       63%         4
 Arcjolt                  Conj/Air       1%         1d11      100%        5
 Lightning Bolt           Conj/Air       1%         1d12      100%        5


Dungeon Overview and Level Annotations

Branches:
Dungeon (3/15)

Altars:

Shops:
D:1 [


Innate Abilities, Weirdness & Mutations

You are immune to poison.
You have sharp fingernails.
Your flesh is cold resistant. (rC+)
You are immune to negative energy. (rN+++)
You do not regenerate when monsters are visible.
You are immune to unholy pain and torment.
You thrive by killing the living.


Message History

The adder hisses angrily.
The adder misses you.
The blast of sand hits the adder.
The adder is heavily wounded.
The adder bites you but does no damage. The adder closely misses you.
A black bear comes into view.
The blast of sand hits the adder!
You kill the adder!
The black bear growls angrily.
You hear an angry hiss.
A black bear is nearby!
You miscast Sandblast.
You are very lightly contaminated with residual magic.
Nothing appears to happen.
The blast of sand hits the black bear!
The black bear is moderately wounded.
The black bear barely misses you. x2; The black bear closely misses you.
A ball python comes into view.
The black bear bites you. The black bear claws you.
The black bear claws you but does no damage.
The blast of sand hits the black bear!
The black bear is severely wounded.
The black bear bites you! The black bear barely misses you.
The black bear claws you.
You are too injured to fight recklessly!
The black bear goes berserk!
Your magical contamination has completely faded away.
You are too injured to fight recklessly!
Aiming: Sandblast (safe; 4% risk of failure)
Press: ? - help, Q - select action, (/) - cycle Shift-Dir - straight line, f/p - black bear
Aim: a black bear (severely wounded, berserk, 87% to hit)
The blast of sand hits the black bear.
The black bear is severely wounded.
The black bear barely misses you. The black bear claws you.
* * * LOW HITPOINT WARNING * * *
The black bear claws you.
* * * LOW HITPOINT WARNING * * *
You hear an angry hiss.
The black bear rages.
The black bear bites you!
You die...

...# .).# ... ### †.## #.. ..#
#.# . #### #.# #.# ...
#####...# #.###.###...S.
......# #.@h.......... ......#
#.###.#####... ..##..# #.# #.#
#.# #.....# #.#####.# #.#
#.##.####.......# #.#
...........#..#####.#
....<...............######.
#.##.......#.#.##..........
#.##.........#.##.#............


You could see a black bear (berserk).

Vanquished Creatures
  5 adders
  A worm (D:2)
  A dart slug (D:2)
  An orc (D:3)
  4 endoplasms
  2 giant cockroaches (D:2)
  2 goblins (D:2)
  3 hobgoblins
  4 jackals
  4 quokkas
  3 ball pythons
  6 bats
  2 frilled lizards (D:1)
  3 kobolds (D:1)
  4 rats
45 creatures vanquished.

Notes
Turn   | Place    | Note
-------+----------+-------------------------------------------
     0 | D:1      | NinjaNoafa the Ghoul Earth Elementalist began the quest for
                  | the Orb.
     0 | D:1      | Reached XP level 1. HP: 14/14 MP: 2/2
   393 | D:1      | Found a faded altar of an unknown god.
   526 | D:1      | Found Niusikhli's Armour Shoppe.
   556 | D:1      | Reached XP level 2. HP: 20/20 MP: 2/4
  1129 | D:2      | Reached XP level 3. HP: 26/26 MP: 1/6
  1508 | D:2      | Reached XP level 4. HP: 33/33 MP: 5/7
  1660 | D:2      | Reached skill level 4 in Earth Magic
  2701 | D:3      | Noticed a black bear
  2710 | D:3      | Slain by a black bear

Illustrated notes

Levels and vault maps discovered:
D:1:      matt_arrival_diagonals, layout_loops_corners, serial_shops,
          nicolae_shop_crystal, basic_ecumenical_altar
D:2:      layout_basic
D:3:      layout_loops_cross, serial_shops, nicolae_shop_bloodbath_and_beyond

Skill      XL: |  1  2  3  4 |
---------------+-------------+-----
Spellcasting   | 2 3 |  3.4
Earth Magic    | 4 |  4.2
Dodging        | |  1.7
Stealth        | |  2.1
Transmutations | |  0.8

Action                     |  1- 3 |  4- 6 || total
---------------------------+-------+-------++-------
  Melee: Dagger            |     7 |       ||     7
   Cast: Sandblast         |    50 |    33 ||    83
    Use: Potion            |     1 |       ||     1
 Armour: Robe              |    14 |     5 ||    19
  Dodge: Dodged            |    47 |    11 ||    58

Table legend: (Time is in decaauts)
 A = Elapsed time spent in this place.
 B = Non-inter-level travel time spent in this place.
 C = Inter-level travel time spent in this place.
 D = Time resting spent in this place.
 E = Time spent auto-exploring this place.
 F = Levels seen in this place.
 G = Mean time per level.
                   A        B        C        D        E       F      G
               +--------+--------+--------+--------+--------+-----+--------+
         Total |   2750 |   2604 |    146 |      0 |   2262 |   3 |  916.7 |
       Dungeon |   2750 |   2604 |    146 |      0 |   2262 |   3 |  916.7 |
               +--------+--------+--------+--------+--------+-----+--------+

Top non-repeatable levels by time:
     D:2: 1272 daAuts
     D:1: 1092 daAuts
     D:3: 385 daAuts
